 Dungeon Crawl Stone Soup version 0.31.0-11-ge490571c62 (webtiles) character file.

Game seed: 2479502328009905862

212 Gadfly the Insei (level 5, -6/41 HPs)
             Began as a Demonspawn Monk on Feb 5, 2024.
             Mangled by Edmund
             ... wielding a +6 heavy dire flail
              (20 damage)
             ... on level 4 of the Dungeon.
             The game lasted 00:03:21 (2428 turns).

Gadfly the Insei (Demonspawn Monk)                  Turns: 2428, Time: 00:03:21

Health: -6/41      AC: 10    Str: 13    XL:     5   Next: 58%
Magic:  0/5        EV: 13    Int: 11    God:
Gold:   204        SH:  4    Dex: 15    Spells: 4/4 levels left

rFire   . . .        b - +3 trident (protect)
rCold   . . .        c - orb {light}
rNeg    . . .        r - +0 animal skin
rPois   .            q - +0 helmet
rElec   .            (no cloak)
rCorr   +            (no gloves)
SInv    .            (no boots)
Will    .....        e - amulet of guardian spirit
Stlth   +            g - ring of flight
HPRegen 0.26/turn    o - ring of resist corrosion
MPRegen 0.09/turn

%: guardian spirit
@: under a protective aura, flying, glowing
A: large bone plates 1, ignite blood 2
a: no special abilities


You were on level 4 of the Dungeon.
You visited 1 branch of the dungeon, and saw 4 of its levels.

You collected 204 gold pieces.

Inventory:

Hand Weapons
 b - a +3 trident of protection (weapon)
Armour
 c - an orb of light (worn)
 q - a +0 helmet (worn)
 r - a +0 animal skin (worn)
Jewellery
 e - an amulet of guardian spirit (around neck)
 g - a ring of flight (left hand)
 j - a ring of fire
 o - a ring of resist corrosion (right hand)
Talismans
 a - a granite talisman
Wands
 n - a wand of flame (20)
Scrolls
 k - 2 scrolls of fog
 m - 2 scrolls of fear
 p - 2 scrolls of teleportation
 s - a scroll of poison
Potions
 d - 2 potions of heal wounds
 f - 2 potions of ambrosia
 h - 4 potions of curing
 i - a potion of resistance
 l - a potion of haste


   Skills:
 - Level 3.0 Fighting
 + Level 3.3 Dodging
 * Level 3.8 Unarmed Combat
 * Level 2.7 Evocations
 * Level 2.1 Shapeshifting


You had 4 spell levels left.
You didn't know any spells.
Your spell library contained the following spells:

 Spells                   Type           Power      Damage    Failure   Level
 Freeze                   Ice            0%         1d3       34%         1
 Ensorcelled Hibernation  Hex/Ice        0%         N/A       47%         2
 Frozen Ramparts          Ice            0%         1d1       71%         3
 Fugue of the Fallen      Necr           0%         N/A       71%         3
 Hailstorm                Conj/Ice       0%         3d5       71%         3
 Anguish                  Hex/Necr       0%         N/A       98%         4


Dungeon Overview and Level Annotations

Branches:
Dungeon (4/15)
 Temple: D:4-7

Altars:
Ashenzari
Makhleb

Shops:
D:4 *

Annotations:
D:4 Edmund


Innate Abilities, Weirdness & Mutations

You are partially covered in large bone plates. (SH +4)
Your demonic aura often causes spilled blood to erupt in flames.


Message History

Edmund is lightly wounded.
Edmund zaps a wand.
The puff of flame hits you.
You reach to attack!
You puncture Edmund!
Edmund is moderately wounded.
Edmund is engulfed in blazing flames.
Edmund hits you with a +6 heavy dire flail!
You hit Edmund but do no damage.
Edmund is heavily wounded.
You hit Edmund.
Edmund is severely wounded.
Edmund zaps a wand.
The puff of flame misses you.
Edmund zaps a wand.
The puff of flame hits you!
You are too injured to fight recklessly!
You are too injured to fight recklessly!
You are too injured to fight recklessly!
You are too injured to fight recklessly!
You are too injured to fight recklessly!
You are too injured to fight recklessly!
You are too injured to fight recklessly!
You are too injured to fight recklessly!
You are too injured to fight recklessly!
You are too injured to fight recklessly!
You are too injured to fight recklessly!
You are too injured to fight recklessly!
You are too injured to fight recklessly!
You are too injured to fight recklessly!
You are too injured to fight recklessly!
You are too injured to fight recklessly!
You hit Edmund.
Edmund is severely wounded.
Edmund hits you with a +6 heavy dire flail.
You hit Edmund.
Edmund is almost dead.
Edmund barely misses you.
You hit Edmund but do no damage.
Edmund is almost dead.
Edmund says, "A flail is better than a scythe, any day of the week!"
Edmund hits you with a +6 heavy dire flail!!
You die...
Edmund says, "I'd like to see a scythe do that!"

#..... #.... #...###
...@.. #...####.
#g......... #. #..#
#....##.
#.#######..# ..>..>.
#.....@@)..# ...#..
#.########.# #.....
#.# ##.##..
#.######......
##...........†.
.................)..
###############.##..
#.###. #.# #.


You could see Edmund.

Vanquished Creatures
  A bombardier beetle (D:3)
  A hound (D:4)
  An iguana (D:2)
  Robin (D:4)
  A gnoll (D:1)
  2 adders
  2 dart slugs
  2 ribbon worms (D:2)
  2 orcs (D:4)
  3 ball pythons
  9 bats
  4 endoplasms
  2 giant cockroaches
  11 goblins
  9 hobgoblins
  8 jackals
  2 quokkas
  3 frilled lizards (D:1)
  6 kobolds
  3 rats
73 creatures vanquished.

Notes
Turn   | Place    | Note
-------+----------+-------------------------------------------
     0 | D:1      | Gadfly the Demonspawn Monk began the quest for the Orb.
     0 | D:1      | Reached XP level 1. HP: 18/18 MP: 1/1
    21 | D:1      | Gained mutation: Your demonic aura sometimes causes spilled
                  | blood to erupt in flames. [demonic ancestry]
    21 | D:1      | Reached XP level 2. HP: 10/24 MP: 2/2
   245 | D:1      | Reached skill level 1 in Evocations
   471 | D:1      | Reached skill level 1 in Shapeshifting
   613 | D:1      | Reached XP level 3. HP: 29/29 MP: 3/3
  1507 | D:2      | Gained mutation: You are partially covered in large bone
                  | plates. (SH +4) [demonic ancestry]
  1507 | D:2      | Reached XP level 4. HP: 23/35 MP: 1/4
  1710 | D:3      | Found a broken altar of Ashenzari.
  1853 | D:3      | Gained mutation: Your demonic aura often causes spilled
                  | blood to erupt in flames. [demonic ancestry]
  1853 | D:3      | Reached XP level 5. HP: 41/41 MP: 5/5
  1923 | D:3      | Found a burning altar of Makhleb.
  1923 | D:3      | Noticed an Executioner
  2062 | D:4      | Found Dusuesh's General Store.
  2155 | D:4      | Noticed Robin
  2175 | D:4      | Killed Robin
  2411 | D:4      | Noticed Edmund
  2428 | D:4      | Mangled by Edmund

Illustrated notes

Levels and vault maps discovered:
D:1:      wander_arrival_chamber, layout_basic, minmay_misc_feat_ornament
D:2:      layout_rooms, serial_forest, infiniplex_forest_clump_diagonal,
          infiniplex_forest_side_room, infiniplex_forest_lined_room_2,
          infiniplex_forest_end_3, infiniplex_forest_straight_2,
          infiniplex_forest_lined_2, minmay_bisected
D:3:      layout_rooms, makhleb_altar_promises_db,
          mainiacjoe_overflow_big_doors, corner_web_ring
D:4:      layout_loops_ring, minmay_temple_entry_grid, serial_shops,
          nicolae_shop_tiny_glass, uniq_robin, uniq_edmund

Skill      XL: |  1  2  3  4  5 |
---------------+----------------+-----
Unarmed Combat | 3 |  3.8
Evocations     | 1 2 |  2.7
Shapeshifting  | 1 2 |  2.1
Dodging        | 3 |  3.3
Fighting       | |  3.0

Action                     |  1- 3 |  4- 6 || total
---------------------------+-------+-------++-------
  Melee: Unarmed           |    38 |       ||    38
         Trident           |    69 |    88 ||   157
    Use: Scroll            |     3 |     3 ||     6
         Potion            |     1 |     2 ||     3
   Stab: Sleeping          |     1 |       ||     1
 Armour: Robe              |    66 |    28 ||    94
         Animal skin       |       |    13 ||    13
  Dodge: Dodged            |    96 |    45 ||   141
